 Dungeon Crawl Stone Soup version 0.30-a0-1157-g2cc9ac7196 (webtiles) character file.

Game seed: 5148144162052946712

45 xian the Cudgeller (level 3, 0/36 HPs)
             Began as a Troll Berserker on Apr 25, 2023.
             Was a Believer of Trog.
             Slain by a gnoll
             ... wielding a +0 halberd
              (9 damage)
             ... on level 2 of the Dungeon.
             The game lasted 00:02:32 (981 turns).

xian the Cudgeller (Troll Berserker)                 Turns: 981, Time: 00:02:34

Health: 0/36       AC:  4    Str: 27    XL:     3   Next: 42%
Magic:  2/2        EV: 10    Int:  3    God:    Trog [**....]
Gold:   16         SH:  0    Dex:  9    Spells: 2/2 levels left

rFire   . . .        a - +0 mace
rCold   . . .        (no shield)
rNeg    . . .        b - +0 animal skin
rPois   .            (helmet restricted)
rElec   .            (no cloak)
rCorr   .            (gloves unavailable)
SInv    .            (boots unavailable)
Will    .....        (no amulet)
Stlth   +            (no ring)
HPRegen 1.06/turn    (no ring)
MPRegen 0.08/turn

%: no passive effects
@: no status effects
A: large, unfitting armour, claws 3, regeneration 1, shaggy fur 1, tough skin 1
a: Renounce Religion, Berserk, Trog's Hand


You were on level 2 of the Dungeon.
You worshipped Trog.
Trog was pleased with you.
You visited 1 branch of the dungeon, and saw 2 of its levels.

You collected 16 gold pieces.

Inventory:

Hand Weapons
 a - a +0 mace (weapon)
Missiles
 c - 7 stones (quivered)
Armour
 b - a +0 animal skin (worn)
Scrolls
 d - 2 scrolls of identify {unknown}
 g - a scroll of immolation {unknown}
 h - a scroll of poison {unknown}
 i - a scroll of magic mapping {unknown}
Potions
 e - a potion of curing {unknown}
 f - a potion of might {unknown}
 j - a potion of heal wounds {unknown}


   Skills:
 + Level 2.6 Fighting
 + Level 3.3 Maces & Flails
 * Level 1.0 Throwing
 + Level 2.8 Dodging


You had 2 spell levels left.
You didn't know any spells.
Your spell library was empty.

Dungeon Overview and Level Annotations

Branches:
Dungeon (2/15)

Altars:

Shops:
D:1 [   D:2 *


Innate Abilities, Weirdness & Mutations

You are too large for most types of armour.
You have claws for hands.
Your natural rate of healing is unusually fast.
You are covered in fur. (AC +1)
You have tough skin. (AC +1)


Message History

Found a ring mail.
Found Elietwol's Assorted Antiques.
A worm comes into view.
A worm is nearby!
You throw a stone. The stone hits the worm.
The worm is lightly wounded.
You hear a shout!
A gnoll comes into view. It is wielding a +0 flail.
You throw a stone. The stone hits the worm.
The worm is lightly wounded.
A gnoll comes into view. It is wielding a +0 whip.
You throw a stone. The gnoll shouts!
The stone hits the worm but does no damage.
The worm is lightly wounded.
A bat comes into view.
A gnoll comes into view. It is wielding a +0 halberd.
You throw a stone. The stone barely misses the worm.
The gnoll shouts!
You throw a stone. The stone misses the bat.
The bat barely misses you.
The gnoll throws a throwing net.
The throwing net hits you.
You become entangled in the net!
A gnoll comes into view. It is wielding a +0 spear.
You struggle against the net.
The bat hits you.
You struggle against the net.
The bat barely misses you.
You tear a large gash into the net.
You rip the net and break free!
The bat hits you but does no damage. The gnoll hits you with a +0 flail.
The gnoll hits you from afar with a +0 halberd!
You barely miss the bat. The bat closely misses you.
The bat hits you but does no damage. The gnoll barely misses you.
The gnoll hits you from afar with a +0 halberd.
The bat barely misses you.
You barely miss the bat. The bat hits you but does no damage. x2
The gnoll hits you with a +0 flail.
The gnoll hits you from afar with a +0 halberd.
The bat closely misses you. The gnoll misses you.
The gnoll hits you from afar with a +0 spear.
* * * LOW HITPOINT WARNING * * *
The gnoll hits you from afar with a +0 halberd!
You die...

....##......<#
#...........#
##.##.......#
#.###...##.#.
...######.#.....#....
....$................#
.#.#..$......#...#.....
.............#.b.....##
##.#..#......@.#.....
#............g.....##
#.........##g#g...##
#.........#gw#..#.#
#........>.....## ##
.......##.. ∩# .[.....
.# + ...#. ..


You could see a worm, 4 gnolls and a bat.

Vanquished Creatures
  An adder (D:2)
  A worm (D:2)
  3 endoplasms (D:1)
  3 giant cockroaches (D:1)
  3 goblins (D:1)
  3 hobgoblins (D:1)
  A quokka (D:1)
  6 ball pythons (D:1)
  5 bats (D:1)
  2 frilled lizards (D:1)
  A kobold (D:1)
  3 rats (D:1)
32 creatures vanquished.

Notes
Turn   | Place    | Note
-------+----------+-------------------------------------------
     0 | D:1      | xian the Troll Berserker began the quest for the Orb.
     0 | D:1      | Reached XP level 1. HP: 22/22 MP: 0/0
    96 | D:1      | Reached XP level 2. HP: 29/29 MP: 1/1
   148 | D:1      | Found Fextam's Antique Armour Boutique.
   311 | D:1      | Reached skill level 3 in Maces & Flails
   587 | D:1      | Reached XP level 3. HP: 34/36 MP: 2/2
   594 | D:1      | Reached ** piety under Trog
   957 | D:2      | Reached skill level 1 in Throwing
   969 | D:2      | Found Elietwol's Assorted Antiques.
   981 | D:2      | Slain by a gnoll

Illustrated notes

Levels and vault maps discovered:
D:1:      dpeg_arrival_round_a, layout_basic, serial_shops,
          nicolae_shop_peninsula, serial_bayou_pond_e
D:2:      layout_rooms, serial_shops, shop, nicolae_shop_tiny_real_fake_doors,
          nicolae_shop_tiny_glass

Skill      XL: |  1  2  3 |
---------------+----------+-----
Maces & Flails | 3 |  3.3
Throwing       | 1 |  1.0
Fighting       | |  2.6
Dodging        | |  2.8

Action                     || total
---------------------------++-------
  Melee: Mace              ||   111
         Punch             ||     1
  Throw: Stone             ||    14
 Armour: Animal skin       ||    75
  Dodge: Dodged            ||   111

Table legend: (Time is in decaauts)
 A = Elapsed time spent in this place.
 B = Non-inter-level travel time spent in this place.
 C = Inter-level travel time spent in this place.
 D = Time resting spent in this place.
 E = Time spent auto-exploring this place.
 F = Levels seen in this place.
 G = Mean time per level.
                   A        B        C        D        E       F      G
               +--------+--------+--------+--------+--------+-----+--------+
         Total |   1009 |    972 |     37 |      0 |    629 |   2 |  504.5 |
       Dungeon |   1009 |    972 |     37 |      0 |    629 |   2 |  504.5 |
               +--------+--------+--------+--------+--------+-----+--------+

Top non-repeatable levels by time:
     D:1: 954 daAuts
     D:2: 54 daAuts
